 Dungeon Crawl Stone Soup version 0.27-a0-695-gb4952372f7 (webtiles) character file.

Game seed: 10676987435082049458

584 Hasart the Chopper (level 6, 0/52 HPs)
             Began as a Demigod Fighter on Mar 21, 2021.
             Slain by an orc warrior
             ... wielding a +0 war axe
              (14 damage)
             ... on level 5 of the Dungeon.
             The game lasted 00:07:59 (4714 turns).

Hasart the Chopper (Demigod Fighter)                Turns: 4714, Time: 00:07:59

Health: 0/52       AC: 15    Str: 29    XL:     6   Next: 91%
Magic:  8/8        EV:  6    Int: 10    God:
Gold:   200        SH: 10    Dex: 13    Spells: 5/5 levels left

rFire    . . .     SeeInvis .   o - +8 mace of Ymuyhe {elec, rPois rN+ Str+4}
rCold    . . .     Faith    .   c - +0 kite shield
rNeg     + . .     Spirit   .   g - +4 plate armour
rPois    +         Reflect  .   (no helmet)
rElec    .         Harm     .   (no cloak)
rCorr    .         Rampage  .   (no gloves)
Will     .....                  (no boots)
Stlth    ..........             (no amulet)
HPRegen  0.17/turn              (no ring)
MPRegen  0.11/turn              (no ring)

@: no status effects
A: high mp 1, forlorn
a: no special abilities


You were on level 5 of the Dungeon.
You visited 1 branch of the dungeon, and saw 6 of its levels.

You collected 200 gold pieces.

Inventory:

Hand Weapons
 a - a +0 war axe
 o - the +8 mace of Ymuyhe (weapon) {elec, rPois rN+ Str+4}
   (You found it on level 5 of the Dungeon)

   Occasionally, upon striking a foe, it can discharge electrical energy and
   cause terrible harm.
   It affects your strength (+4).
   It protects you from poison.
   It protects you from negative energy.
Armour
 c - a +0 kite shield (worn)
 g - a +4 plate armour (worn)
Wands
 j - a wand of charming (8)
Scrolls
 b - a scroll of amnesia {unknown}
 e - 6 scrolls of identify {unknown}
 l - 2 scrolls of teleportation {unknown}
 n - 2 scrolls of magic mapping {unknown}
 p - a scroll of brand weapon {unknown}
Potions
 d - a potion of might
 f - a potion of curing {unknown}
 h - a potion of berserk rage {unknown}
 i - a potion of flight {unknown}
 k - a potion of attraction {unknown}
 m - a potion of magic {unknown}
 q - a potion of haste {unknown}
 r - a potion of brilliance {unknown}


   Skills:
 + Level 3.9 Fighting
 - Level 4.1(4.2) Axes
 * Level 0.8(2.7) Maces & Flails
 + Level 3.8 Armour
 + Level 2.5 Dodging
 + Level 3.9 Shields


You had 5 spell levels left.
You didn't know any spells.
Your spell library contained the following spells:

 Spells                   Type           Power      Damage    Failure   Level
 Animate Skeleton         Necr           0%         N/A       100%        1
 Apportation              Tloc           0%         N/A       100%        1
 Corona                   Hex            0%         N/A       100%        1
 Summon Small Mammal      Summ           0%         N/A       100%        1
 Confusing Touch          Hex            0%         N/A       100%        3
 Gell's Gravitas          Tloc           0%         N/A       100%        3
 Petrify                  Tmut/Erth      0%         N/A       100%        4
 Metabolic Englaciation   Hex/Ice        0%         N/A       100%        5
 Yara's Violent Unravell  Hex/Tmut       0%         3d3       100%        5


Dungeon Overview and Level Annotations

Branches:
Dungeon (6/15)             Temple (0/1) D:4

Shops:
D:1 :   D:2 :

Annotations:
D:3 3 runed translucent doors, Gonzollydolly's ghost, weakling MfDe; Lanoc's ghost, amateur BaBe


Innate Abilities, Weirdness & Mutations

Your attributes grow dramatically as you level up.
You have an increased reservoir of magic. (+10% MP)
You shall have no god before yourself.


Message History

You block the orc priest's attack. The orc priest barely misses you.
You completely miss the orc priest.
The orc priest is heavily wounded.
The orc priest shouts!
The orc warrior hits you with a +0 war axe.
The orc priest hits you with a +0 club.
The orc wizard casts a spell at itself.
The orc wizard flickers and vanishes!
Deactivating autopickup; reactivate with Ctrl-A.
You sock the orc priest!
You kill the orc priest!
The orc warrior hits you but does no damage.
The orc priest looks braver for a moment.
The orc warrior hits you but does no damage.
Unknown command.
You hit the orc warrior.
The orc warrior is moderately wounded.
You hear some strange, mumbled words.
A puff of flame appears from out of thin air!
The puff of flame hits you but does no damage.
Unknown command.
You completely miss the orc warrior.
The orc warrior is moderately wounded.
The orc priest looks braver for a moment.
The orc warrior hits you but does no damage.
The orc warrior hits you with a +0 war axe!
You see here a +0 hunting sling.
There is a stone staircase leading up here.
The orc warrior hits you with a +0 war axe!
You climb upwards.
Reactivating autopickup.
There is a stone staircase leading down here.
You sock the orc warrior!
The orc warrior is heavily wounded.
The orc warrior hits you with a +0 war axe!
* * * LOW HITPOINT WARNING * * *
You closely miss the orc warrior.
The orc warrior is heavily wounded.
The orc warrior hits you with a +0 war axe!
You die...

##8# # # #### ##8... .8##
#..####.... ..## ###..#)#>.)..
.._# #......##.... ..##
##.#...###8.. .8##
########..#...## #
#..............#############
######....o@...............#
##.###..................
#####.......#..##..........#
##.......####...##..........#
#..#...####..................
#####.....#####.##..#............
.......####.....##........####.##
......##.....#..#......##.# #.##
.....##..###†#..##.†.#....####.<.


You could see an orc warrior.

Vanquished Creatures
  A centaur (D:5)
  A hound (D:4)
  A jelly (D:5)
  2 orc priests
  5 orc wizards
  4 gnolls (D:2)
  6 adders
  2 white imps
  2 adder skeletons (D:5)
  4 worms
  A dart slug (D:1)
  5 leopard geckos
  24 orcs
  2 ball pythons (D:2)
  5 giant cockroaches
  7 goblins
  6 hobgoblins
  15 jackals
  4 quokkas
  6 bats
  8 frilled lizards
  3 kobolds
  A leopard gecko skeleton (D:4)
  7 rats
122 creatures vanquished.

Vanquished Creatures (others)
  A human (D:5)
  5 withered plants (D:3)
6 creatures vanquished.

Grand Total: 128 creatures vanquished

Notes
Turn   | Place    | Note
-------+----------+-------------------------------------------
     0 | D:1      | Hasart the Demigod Fighter began the quest for the Orb.
     0 | D:1      | Reached XP level 1. HP: 18/18 MP: 3/3
   179 | D:1      | Reached skill level 2 in Axes
   529 | D:1      | Reached XP level 2. HP: 25/25 MP: 4/4
   732 | D:1      | Found Lekh's Book Shoppe.
   897 | D:1      | Reached skill level 1 in Dodging
  1135 | D:2      | Reached XP level 3. HP: 22/30 MP: 5/5
  1340 | D:2      | Reached XP level 4. HP: 29/38 MP: 6/6
  1518 | D:2      | Found Myacs's Book Emporium.
  1682 | D:2      | Reached skill level 3 in Axes
  2566 | D:3      | Reached XP level 5. HP: 40/45 MP: 7/7
  2960 | D:3      | Found a runed translucent gate.
  2960 | D:3      | Found a runed translucent gate.
  2961 | D:3      | Found a runed translucent gate.
  2965 | D:3      | Noticed Gonzollydolly's ghost (weakling MfDe)
  2965 | D:3      | Noticed Lanoc's ghost (amateur BaBe)
  3522 | D:4      | Reached XP level 6. HP: 49/51 MP: 8/8
  3966 | D:4      | Reached skill level 4 in Axes
  4082 | D:4      | Found a staircase to the Ecumenical Temple.
  4229 | D:5      | Entered Level 5 of the Dungeon
  4251 | D:5      | Noticed a human
  4255 | D:5      | Killed a human
  4279 | D:5      | Identified the +8 mace of Ymuyhe {elec, rPois rN+ Str+4}
  4714 | D:5      | Slain by an orc warrior

Illustrated notes

Levels and vault maps discovered:
D:1:      dpeg_arrival_simpleton_b, layout_basic, serial_shops, shop
D:2:      layout_basic, chequers_ecumenical_altar_simple, serial_shops,
          nicolae_shop_waterfront
D:3:      layout_loops_ring, gammafunk_ghost_cemetery
D:4:      layout_basic, minmay_temple_entry_glassed_door, minivault_27,
          chequers_serial_rivers_micro_c
D:5:      minmay_evil_eye, layout_rooms, nicolae_overflow_hidden_temple,
          tgw_kikubaaqudgha
D:6:      layout_rooms

Skill      XL: |  1  2  3  4  5  6 |
---------------+-------------------+-----
Axes           | 2 3 4 |  4.1
Dodging        | 1 2 |  2.5
Fighting       | 3 |  3.9
Shields        | 3 |  3.9
Armour         | 3 |  3.8
Maces & Flails | |  0.8

Action                   |  1- 3 |  4- 6 || total
-------------------------+-------+-------++-------
Melee: War axe           |   114 |   256 ||   370
       Mace              |       |    21 ||    21
Armor: Scale mail        |    40 |       ||    40
       Plate armour      |    33 |   201 ||   234
Dodge: Dodged            |    38 |    42 ||    80
Block: Kite shield       |    73 |   146 ||   219

Table legend: (Time is in decaauts)
 A = Elapsed time spent in this place.
 B = Non-inter-level travel time spent in this place.
 C = Inter-level travel time spent in this place.
 D = Time resting spent in this place.
 E = Time spent auto-exploring this place.
 F = Levels seen in this place.
 G = Mean time per level.
                   A        B        C        D        E       F      G
               +--------+--------+--------+--------+--------+-----+--------+
         Total |   4941 |   4843 |     98 |      0 |   3911 |   6 |  823.5 |
       Dungeon |   4941 |   4843 |     98 |      0 |   3911 |   6 |  823.5 |
               +--------+--------+--------+--------+--------+-----+--------+

Top non-repeatable levels by time:
     D:2: 1264 daAuts
     D:1: 1160 daAuts
     D:4: 1047 daAuts
     D:3: 966 daAuts
     D:5: 449 daAuts
     D:6: 53 daAuts
